 Dungeon Crawl Stone Soup version 0.31.0-32-g396128a36d (webtiles) character file.

Game seed: 1514923813031110958

0 tdove the Apothecary (level 1, 0/11 HPs)
             Began as an Octopode Wanderer on Apr 11, 2024.
             Slain by a rat (3 damage)
             ... on level 1 of the Dungeon.
             The game lasted 00:00:19 (40 turns).

tdove the Apothecary (Octopode Wanderer)              Turns: 40, Time: 00:00:19

Health: 0/11       AC:  1    Str:  9    XL:     1   Next: 10%
Magic:  3/3        EV: 11    Int: 16    God:
Gold:   0          SH:  4    Dex: 11    Spells: 4/4 levels left

rFire   . . .        a - +0 dagger
rCold   . . .        c - +0 buckler
rNeg    . . .        (helmet restricted)
rPois   .            (no amulet)
rElec   .            (no ring)
rCorr   .            (no ring)
SInv    .            (no ring)
Will    .....        (no ring)
Stlth   ++           (no ring)
HPRegen 0.21/turn    (no ring)
MPRegen 0.08/turn    (no ring)
                     (no ring)

%: no passive effects
@: no status effects
A: almost no armour, amphibious, 8 rings, camouflage 1, gelatinous body 1,
(nimble swimmer 1), tentacles
a: no special abilities


You were on level 1 of the Dungeon.
You visited 1 branch of the dungeon, and saw 1 of its levels.

Inventory:

Hand Weapons
 a - a +0 dagger (weapon)
Armour
 c - a +0 buckler (worn)
Scrolls
 b - a scroll of silence


   Skills:
 + Level 1.0 Shields
 + Level 2.0 Spellcasting
 + Level 1.0 Hexes
 + Level 5.5 Alchemy
 + Level 1.1 Evocations


You had 4 spell levels left.
You didn't know any spells.
Your spell library contained the following spells:

 Spells                   Type           Power      Damage    Failure   Level
 Sting                    Conj/Alch      40%        1d5       10%         1
 Mercury Vapours          Alch/Air       20%        N/A       16%         2
 Slow                     Hex            16%        N/A       21%         1
 Olgreb's Toxic Radiance  Alch           19%        N/A       32%         4
 Confusing Touch          Hex            4%         N/A       52%         3


Dungeon Overview and Level Annotations

Branches:
Dungeon (1/15)

Altars:


Innate Abilities, Weirdness & Mutations

You cannot wear most types of armour.
You are amphibious.
You can wear up to eight rings at the same time.
Your skin changes colour to match your surroundings (Stealth+).
Your rubbery body absorbs attacks. (AC +1, EV +1)
((You are camouflaged when in or above water. (Stealth+)))
You have tentacles for arms and can constrict up to eight enemies at once.


Message History

You begin with the following items: a +0 dagger, a scroll of silence, a +0 buckler; and the following spells available to memorise: Sting, Mercury Vapours, Slow, Olgreb's Toxic Radiance, Confusing Touch.
You open the door.
There is an open door here.
You open the door.
Found 8 stones.
There is an open door here.
You see here 8 stones.
Found a stone staircase leading down.
A kobold comes into view. It is wielding a +0 short sword.
A rat, a dart slug and an endoplasm come into view.
Found 16 gold pieces.
A rat comes into view.
The rat squeaks loudly.
The rat squeaks loudly.
The endoplasm quivers.
You hit the kobold but do no damage. Your grab misses the kobold.
The kobold closely misses you.
You miss the kobold. You grab the kobold. You constrict the kobold.
The kobold hits you with a +0 short sword.
The rat closely misses you.
You hit the kobold. You squeeze the kobold.
You kill the kobold!
The rat bites you.
You hit the rat but do no damage. Your grab misses the rat.
The rat barely misses you.
You barely miss the rat. Your grab misses the rat. Your squeeze misses the rat.
The rat bites you. The endoplasm freezes you.
You are frozen.
* * * LOW HITPOINT WARNING * * *
The rat closely misses you.
You are too injured to fight recklessly!
You are too injured to fight recklessly!
You are too injured to fight recklessly!
Press: ? - help, v - describe, . - travel The floor.
You barely miss the rat. You grab the rat. You constrict the rat.
The endoplasm completely misses you. The rat closely misses you.
The rat bites you.
You die...

......##....#
.+########....##
.............##
.........#..##
.#....#>.#.##
#.## #..#.# .
#..#.#
####.#..#.#####
......r@r.....#
.....wJ)......#
$.............#
..............#
..............#
....###+#######
.... ###


You could see a dart slug, an endoplasm and 2 rats.

Vanquished Creatures
  A kobold (D:1)
1 creature vanquished.

Notes
Turn   | Place    | Note
-------+----------+-------------------------------------------
     0 | D:1      | tdove the Octopode Wanderer began the quest for the Orb.
     0 | D:1      | tdove set off with the following items: a +0 dagger, a
                  | scroll of silence, a +0 buckler; and the following spells
                  | available to memorise: Sting, Mercury Vapours, Slow,
                  | Olgreb's Toxic Radiance, Confusing Touch.
     0 | D:1      | Reached XP level 1. HP: 11/11 MP: 3/3
    40 | D:1      | Slain by a rat

Illustrated notes

Levels and vault maps discovered:
D:1:      evilmike_arrival_rings, layout_basic

Action                     || total
---------------------------++-------
  Melee: Dagger            ||     6
         Constrict         ||     2
         Tentacles         ||     1
 Armour: Skin              ||     4
  Dodge: Dodged            ||     6
